Map: Mech Depot LE

Players

SamuraiFunn - Winner!

  • Race: Protoss Protoss
  • Spawn Location: 1:00

A.I. 1 (Easy)

  • Race: Terran Terran
  • Spawn Location: 7:00

VOD

Have the link to the VOD?

Description

Time

  • Played on: Oct. 28, 2017, 12:01 p.m.
  • Length: 59:51
Show
View Real Time Build Order
Export as new Build Order

SamuraiFunn Protoss - Winner!

Build Orders:  

Get SALT Encoding   

  12  0:04  Probe (Chrono Boost)  
  13  0:21  Pylon  
  13  0:25  Probe (Chrono Boost)  
  15  0:35  Probe (Chrono Boost)  
  15  0:45  Gateway  
  15  0:46  Probe (Chrono Boost)  
  16  0:57  Probe (Chrono Boost)  
  17  0:58  Gateway  
  17  1:07  Probe (Chrono Boost)  
  18  1:14  Assimilator  
  18  1:18  Probe (Chrono Boost)  
  19  1:28  Probe (Chrono Boost)  
  20  1:33  Zealot  
  20  1:39  Probe (Chrono Boost)  
  23  1:59  Pylon  
  23  2:17  Probe (Chrono Boost)  
  24  2:25  Pylon  
  24  2:28  Probe (Chrono Boost)  
  25  2:30  Zealot  
  25  2:31  Zealot  
  29  2:41  Pylon  
  29  2:46  Assimilator  
  29  2:51  Gateway  
  29  2:54  Probe (Chrono Boost)  
  29  2:57  Zealot  
  34  2:58  Zealot  
  34  3:04  Probe (Chrono Boost)  
  35  3:07  Forge  
  35  3:25  Cybernetics Core, Zealot x2  
  38  3:38  Probe (Chrono Boost), Pylon  
  39  3:43  Zealot  
  41  3:52  Zealot x2  
  45  4:00  Pylon  
  45  4:11  Protoss Ground Weapons Level 1  
  45  4:13  Zealot  
  47  4:19  Zealot x2  
  47  4:23  Probe (Chrono Boost)  
  52  4:34  Probe (Chrono Boost), Warp Gate  
  53  4:44  Robotics Facility  
  53  4:49  Pylon  
  53  5:02  Gateway  
  53  5:09  Stalker  
  53  5:12  Probe (Chrono Boost)  
  56  5:27  Nexus  
  56  5:30  Assimilator  
  56  5:39  Pylon  
  56  5:44  Probe (Chrono Boost)  
  57  5:55  Probe (Chrono Boost)  
  58  5:59  Observer  
  59  6:05  Probe (Chrono Boost)  
  59  6:06  Protoss Ground Armor Level 1  
  60  6:16  Probe (Chrono Boost)  
  61  6:20  Stalker  
  63  6:26  Probe (Chrono Boost)  
  63  6:31  Pylon  
  64  6:36  Stalker  
  64  6:37  Probe (Chrono Boost)  
  67  6:47  Probe (Chrono Boost)  
  67  6:50  Observer  
  69  6:58  Probe (Chrono Boost)  
  70  7:07  Stalker  
  70  8:00  Protoss Shields Level 1  
  70  8:25  Probe (Chrono Boost)  
  71  8:32  Probe (Chrono Boost)  
  72  8:35  Probe (Chrono Boost)  
  73  8:42  Probe (Chrono Boost)  
  73  8:46  Probe (Chrono Boost)  
  75  8:53  Probe (Chrono Boost)  
  76  9:07  Pylon  
  76  9:38  Stalker x2  
  78  9:39  Stalker x2  
  84  9:49  Nexus  
  84  10:22  Assimilator  
  84  10:26  Assimilator  
  84  10:44  Adept  
  86  10:58  Stalker x3  
  92  11:05  Probe (Chrono Boost), Pylon  
  93  11:13  Pylon  
  93  11:16  Probe (Chrono Boost)  
  94  11:26  Probe (Chrono Boost)  
  95  11:36  Stalker x3  
  95  11:37  Probe (Chrono Boost), Stalker  
  104  11:47  Probe (Chrono Boost)  
  105  12:48  Stalker x2  
  105  12:49  Stalker x2  
  101  13:58  Nexus  
  101  14:04  Pylon  
  99  42:48  Adept  
  99  42:49  Adept x2  
  99  42:50  Adept  
  99  43:34  Robotics Bay  
  99  43:39  Robotics Facility  
  99  44:37  Twilight Council  
  99  44:45  Observer Gravitic Boosters  
  99  46:30  Charge  
  99  46:46  Gravitic Drive  
  99  46:52  Colossus  
  99  47:34  Robotics Facility  
  99  47:43  Extended Thermal Lance  
  99  47:47  Immortal  
  99  47:51  Templar Archives  
  99  48:10  Blink  
  99  48:25  Disruptor  
  99  49:01  Mothership Core (Chrono Boost), Warp Prism  
  99  50:11  Resonating Glaives  
  99  50:29  High Templar x2  
  99  50:30  High Templar x2  
  99  50:58  Psionic Storm  
  99  51:55  Dark Shrine  
  99  52:29  High Templar  
  99  52:30  High Templar x3  
  99  53:30  Dark Templar  
  99  55:28  Archon  
  99  56:05  Archon  
  99  57:48  Shadow Stride  
Show
View Real Time Build Order
Export as new Build Order

A.I. 1 (Easy) Terran 

Build Orders:  

Get SALT Encoding   

  12  0:00  SCV  
  13  0:13  SCV  
  14  0:19  Supply Depot  
  14  0:25  SCV  
  15  0:40  SCV  
  16  0:45  Barracks  
  16  0:46  Refinery  
  16  1:11  Supply Depot  
  16  1:21  Refinery  
  16  1:33  Marine, Orbital Command  
  17  1:51  Barracks Tech Lab  
  17  2:10  Marauder  
  17  2:15  Supply Depot  
  19  2:17  SCV  
  20  2:29  SCV  
  21  2:33  Marine  
  22  2:41  SCV  
  23  2:53  SCV  
  23  2:57  Marauder  
  26  3:05  SCV  
  27  3:18  SCV  
  28  3:20  Marine  
  29  3:44  Marine  
  30  4:08  Marauder  
  32  6:49  Reaper  
  32  6:50  SCV  
  32  6:52  Supply Depot  
  34  6:57  Command Center  
  34  7:13  SCV  
  35  7:15  Factory  
  35  7:17  Supply Depot  
  35  7:21  Marine  
  36  7:39  Marine  
  27  7:57  Marine  
  28  8:02  Starport  
  28  8:09  SCV  
  28  8:11  Refinery  
  29  8:13  SCV  
  29  8:14  Marine  
  31  8:20  Refinery  
  31  8:21  SCV  
  31  8:26  SCV  
  33  8:32  Marine  
  33  8:33  SCV  
  35  8:38  SCV, Starport Tech Lab  
  36  8:45  SCV  
  37  8:50  SCV, Marine  
  39  8:57  Raven  
  39  8:58  SCV  
  39  9:02  SCV  
  43  9:08  Marauder  
  45  9:10  SCV  
  45  9:14  SCV  
  47  9:22  SCV  
  48  9:26  SCV  
  48  9:30  Reaper  
  50  9:34  SCV  
  52  9:38  SCV  
  52  9:40  Raven  
  54  9:46  SCV  
  54  9:50  SCV  
  56  9:58  SCV  
  57  10:02  SCV, Marauder  
  57  10:06  Supply Depot  
  60  10:10  SCV  
  61  10:14  SCV  
  62  10:23  Marine  
  63  10:41  Marine  
  64  11:32  Command Center  
  64  12:00  Medivac, Marauder  
  68  12:02  Engineering Bay  
  68  12:04  Supply Depot  
  68  12:22  Marauder  
  70  12:29  Terran Infantry Weapons Level 1  
  70  12:30  Medivac  
  70  12:31  Hellion  
  71  12:38  Supply Depot  
  68  12:53  Hellion  
  70  12:59  Raven  
  70  13:03  Marine  
  72  13:06  Command Center  
  70  13:21  Marine  
  60  13:39  Marine  
  61  13:42  Raven  
  63  13:57  Marauder  
  65  14:06  Hellion  
  66  14:18  Marine  
  66  14:23  Terran Infantry Armor Level 1  
  66  14:25  Raven  
  66  14:29  Hellion  
  64  14:37  Marine  
  41  14:55  Marine  
  41  14:59  SCV  
  25  15:05  Hellion  
  14  15:11  SCV  
  14  15:13  Marine  
Tags
 
Matchup
PvT
Replay Pack
First 100 games
Spawn Locations
Cross Positions
Add a new tag
Caveats
  • Supply blocks, unpowered buildings, or Contaminate may cause inaccurate times.
  • Supply counts are checked every 10 seconds.